 Dungeon Crawl Stone Soup version 0.28.0-45-g0d030f2227 (webtiles) character file.

Game seed: 12447065953452517646

3402 Hrothgar the Slasher (level 9, -15/75 HPs)
             Began as a Black Draconian Fighter on Apr 16, 2022.
             Was an Initiate of Yredelemnul.
             Demolished by a cyclops (23 damage)
             ... on level 7 of the Dungeon.
             The game lasted 00:49:39 (6470 turns).

Hrothgar the Slasher (Black Draconian Fighter)      Turns: 6470, Time: 00:49:40

Health: -15/75     AC:  7    Str: 24 (26) XL:     9   Next: 75%
Magic:  3/13       EV: 13    Int: 14      God:    Yredelemnul [......]
Gold:   395        SH:  0    Dex:  9 (10) Spells: 4/14 levels left

rFire   . . .      SeeInvis .   v - +0 war axe
rCold   . . .      Faith    .   (no shield)
rNeg    . . .      Spirit   .   (armour unavailable)
rPois   .          Reflect  .   (helmet restricted)
rElec   +          Harm     .   (no cloak)
rCorr   .          Rampage  .   (no gloves)
Will    .....                   (no boots)
Stlth   ++........              g - amulet of regeneration
HPRegen 1.02/turn               A - ring of wizardry
MPRegen 0.13/turn               k - +6 ring of strength

@: lethally poisoned (-15 -> -17), short of breath, studying Evocations
A: breathe lightning, AC +7, unfitting armour, electricity resistance,
cold-blooded, deterioration 1, strong 1
a: Breathe Lightning, Renounce Religion, Recall Undead Harvest


You were on level 7 of the Dungeon.
You worshipped Yredelemnul.
Yredelemnul was noncommittal.
You visited 1 branch of the dungeon, and saw 8 of its levels.
You also visited: Ossuary.

You collected 395 gold pieces.

Inventory:

Hand Weapons
 c - a +4 hunting sling
 v - a +0 war axe (weapon)
 z - a +1 shortbow of flaming
Missiles
 m - 20 bolts
 n - 73 arrows
 C - 27 sling bullets
Armour
 b - a +1 buckler
 j - an orb of guile
Jewellery
 f - a ring of flight
 g - an amulet of regeneration (around neck)
 h - a ring of ice
 k - a +6 ring of strength (right hand)
 p - a +6 ring of dexterity
 w - a ring of willpower
 y - a +6 ring of strength
 A - a ring of wizardry (left hand)
Wands
 a - a wand of paralysis (7)
 o - a wand of flame (3)
Scrolls
 q - 3 scrolls of vulnerability
 s - a scroll of silence
 t - a scroll of noise
 B - a scroll of enchant armour
 E - a scroll of teleportation
 G - a scroll of fog {unknown}
 H - a scroll of blinking
Potions
 d - a potion of ambrosia
 e - 3 potions of lignification
 l - a potion of berserk rage
 r - 6 potions of might
 u - 3 potions of brilliance
 x - 3 potions of flight {unknown}
 D - 3 potions of curing
 F - 2 potions of attraction {unknown}


   Skills:
 * Level 6.0 Fighting
 * Level 6.4 Long Blades
 * Level 3.3(3.8) Axes
 * Level 2.6(3.4) Polearms
 * Level 2.3(2.8) Slings
 * Level 2.0 Bows
 * Level 2.0(2.6) Throwing
 * Level 5.0 Dodging
 * Level 3.4 Stealth
 * Level 4.7 Shields
 * Level 3.1 Spellcasting
 * Level 2.0 Conjurations
 * Level 1.0 Hexes
 * Level 2.2 Translocations
 * Level 2.1 Invocations
 * Level 2.4 Evocations


You had 4 spell levels left.
You knew the following spells:

 Your Spells              Type           Power      Damage    Failure   Level
a - Apportation           Tloc           16%        N/A       3%          1
b - Searing Ray           Conj           14%        2d5       6%          2
c - Fulminant Prism       Conj/Hex       3%         3d6       41%         4
d - Confusing Touch       Hex            5%         N/A       16%         3

Your spell library contained the following spells:

 Spells                   Type           Power      Damage    Failure   Level
 Magic Dart               Conj           28%        1d4       3%          1
 Blink                    Tloc           16%        N/A       5%          2
 Manifold Assault         Tloc           8%         N/A       65%         5
 Summon Forest            Summ/Tloc      2%         N/A       78%         5
 Summon Mana Viper        Hex/Summ       3%         N/A       86%         5
 Yara's Violent Unravell  Hex/Tmut       1%         3d3       86%         5
 Alistair's Intoxication  Tmut/Pois      1%         N/A       90%         5
 Summon Cactus Giant      Summ           1%         N/A       100%        6
 Enfeeble                 Hex            2%         N/A       100%        7
 Storm Form               Tmut/Air       1%         N/A       100%        7


Dungeon Overview and Level Annotations

Branches:
Dungeon (8/15)             Temple (0/1) D:6         Ossuary (visited)
   Lair: D:8-11

Altars:
Elyvilon
Ru
Yredelemnul


Innate Abilities, Weirdness & Mutations

You can breathe wild blasts of lightning.
Your glossy black scales are hard. (AC +7)
You cannot fit into any form of body armour.
You are resistant to electric shocks. (rElec)
You are cold-blooded and may be slowed by cold attacks.
Your body sometimes deteriorates upon taking damage.
Your muscles are strong. (Str +2)


Message History

The orc barely misses your kobold zombie.
The orc hits your kobold zombie with a +0 hand axe.
Something hits the cyclops but does no damage.
The searing ray hits the kobold brigand!
The kobold brigand is heavily wounded.
You feel sick.
The kobold brigand hits you with a +2 dagger of venom!
The orc barely misses your kobold zombie.
The orc hits your kobold zombie with a +0 hand axe.
Your kobold zombie is destroyed!
The cyclops hits you but does no damage.
A kobold comes into view. It is wielding a +0 short sword.
Something hits the cyclops but does no damage.
The searing ray hits the kobold brigand.
The kobold brigand is severely wounded.
You feel sick.
The kobold brigand hits you with a +2 dagger of venom.
The orc hits your kobold zombie with a +0 hand axe.
The cyclops hits you!!
* * * LOW HITPOINT WARNING * * *
You feel much better.
You feel sick.
A kobold comes into view. It is wielding a +0 dagger.
Something hits the cyclops.
The kobold brigand misses you.
A kobold comes into view. It is wielding a +0 club.
The orc hits your kobold zombie with a +0 hand axe!
Your kobold zombie is destroyed!
You feel sick.
The kobold brigand hits you with a +2 dagger of venom.
* * * LOW HITPOINT WARNING * * *
You are more poisoned.
The cyclops hits you.
* * * LOW HITPOINT WARNING * * *
Something hits the cyclops.
You climb upwards.
You feel very sick.
Your magical contamination has completely faded away.
There is a stone staircase leading down, spattered with blood here.
You feel sick. The cyclops hits you!!
You die...
Your body rises from the dead as a mindless zombie.

#####...#.....#.#.......#..##
#..............##.....###...
#.##...#.......#..###..#....
#.##...#.....#.....#........
#.##...#.....##.........#...
#.....####'####.........##..
##########.####.# ##.).......#...
.....>...#.#....###.....#........
###.####.#.#.##.@K.##..###..#....
#.##.#.#.#.##..C.###.....###...
#....#.#.#.#......#.......#..##
####.#.#.#.#..................#
#.#.#.#.#......##.....#.....
#.#.#.#.#.####.###...##.....
#<#.#.#.#.# #.##.....#.....
#.......#.##*#.............#
#...#..........#.......#..##


You could see a cyclops and a kobold brigand.

Vanquished Creatures
  A troll (D:7)
  Grinder (D:3)
  A wyvern (D:7)
  A yak (D:7)
  2 water moccasins
  A black bear (D:6)
  A sky beast (D:6)
  An ice beast (D:5)
  A necrophage (D:6)
  An ogre (D:4)
  A centaur (D:6)
  A kobold brigand (D:8)
  2 bullfrogs
  3 scorpions
  4 water moccasin zombies (Ossuary)
  A yak zombie (D:7)
  A bullfrog zombie (D:6)
  2 centaur zombies
  7 hounds
  3 jellies
  A gnoll shaman (D:4)
  4 orc priests
  2 bullfrog skeletons
  6 iguanas
  7 orc wizards
  3 mummies
  2 howler monkey zombies
  Robin (D:3)
  2 adders (D:3)
  5 gnolls (D:4)
  A shadow imp (D:7)
  A white imp (D:7)
  8 adder zombies (Ossuary)
  A spectral shadow imp (D:7)
  2 worms
  4 dart slugs
  26 orcs
  4 ball pythons
  7 bats
  13 endoplasms
  4 giant cockroaches
  2 gnoll zombies (Ossuary)
  16 goblins
  6 hobgoblins
  20 kobolds
  4 quokkas
  4 hobgoblin zombies (Ossuary)
  5 kobold zombies (Ossuary)
  5 orc zombies (Ossuary)
  3 rats
205 creatures vanquished.

Vanquished Creatures (collateral kills)
  A water moccasin (D:7)
  A centaur skeleton (D:7)
  An orc wizard (D:6)
  A killer bee zombie (D:6)
  2 orcs (D:7)
6 creatures vanquished.

Vanquished Creatures (others)
  A spectral jelly (D:8)
  2 kobold zombies (D:8)
  An orc zombie (D:6)
  2 fulminant prisms
  2 fungi (D:3)
  9 toadstools (D:3)
17 creatures vanquished.

Grand Total: 228 creatures vanquished

Notes
Turn   | Place    | Note
-------+----------+-------------------------------------------
     0 | D:1      | Hrothgar the Draconian Fighter began the quest for the Orb.
     0 | D:1      | Reached XP level 1. HP: 19/19 MP: 1/1
   304 | D:1      | Reached XP level 2. HP: 26/26 MP: 2/2
   500 | D:1      | Found a faded altar of an unknown god.
  1020 | D:2      | Reached XP level 3. HP: 33/33 MP: 3/3
  1383 | D:3      | Reached skill level 1 in Stealth
  1404 | D:3      | Reached XP level 4. HP: 28/40 MP: 5/5
  1410 | D:3      | Reached skill level 1 in Spellcasting
  1562 | D:3      | Noticed Grinder
  1569 | D:3      | Killed Grinder
  1570 | D:3      | Reached XP level 5. HP: 38/47 MP: 5/7
  1570 | D:3      | Reached XP level 6. HP: 43/53 MP: 5/8
  1902 | D:3      | Noticed Robin
  1909 | D:3      | Killed Robin
  1957 | D:3      | Gained mutation: You tend to lose your temper in combat.
                  | [potion of mutation]
  1957 | D:3      | Gained mutation: You are agile. (Dex +2) [potion of
                  | mutation]
  1957 | D:3      | Gained mutation: You are weak. (Str -2) [potion of
                  | mutation]
  2504 | D:4      | Found a transporter.
  2580 | D:4      | Your scales start taking on a glossy black colour.
  2580 | D:4      | Reached XP level 7. HP: 60/60 MP: 9/9
  2580 | D:4      | Gained mutation: You are resistant to electric shocks.
                  | (rElec) [Black Draconian growth]
  2709 | D:4      | Reached skill level 5 in Long Blades
  2886 | D:4      | Found a transporter.
  2974 | D:4      | Learned a level 1 spell: Apportation
  3204 | D:4      | Reached skill level 5 in Fighting
  3225 | D:4      | Learned a level 2 spell: Searing Ray
  3261 | D:5      | Entered Level 5 of the Dungeon
  3376 | D:5      | Reached skill level 1 in Polearms
  3379 | D:5      | Reached XP level 8. HP: 51/68 MP: 11/11
  3393 | D:5      | Found a white marble altar of Elyvilon.
  3442 | D:5      | Lost mutation: You tend to lose your temper in combat.
                  | [potion of mutation]
  3442 | D:5      | Lost mutation: You are weak. (Str -2) [potion of mutation]
  3442 | D:5      | Lost mutation: You are agile. (Dex +2) [potion of mutation]
  3442 | D:5      | Gained mutation: You have sharp fingernails. [potion of
                  | mutation]
  3442 | D:5      | Gained mutation: You are weak. (Str -2) [potion of
                  | mutation]
  3443 | D:5      | Lost mutation: You have sharp fingernails. [potion of
                  | mutation]
  3443 | D:5      | Lost mutation: You are weak. (Str -2) [potion of mutation]
  3443 | D:5      | Gained mutation: You are agile. (Dex +2) [potion of
                  | mutation]
  3443 | D:5      | Lost mutation: You are agile. (Dex +2) [potion of mutation]
  3443 | D:5      | Gained mutation: Your body sometimes deteriorates upon
                  | taking damage. [potion of mutation]
  3443 | D:5      | Gained mutation: Your muscles are strong. (Str +2) [potion
                  | of mutation]
  3663 | D:5      | Reached skill level 1 in Slings
  3663 | D:5      | Reached skill level 1 in Translocations
  3908 | D:5      | Paralysed by an orc for 3 turns
  4226 | D:6      | Found a basalt altar of Yredelemnul.
  4231 | D:6      | Became a worshipper of Yredelemnul the Dark
  4283 | D:6      | Reached skill level 1 in Conjurations
  4283 | D:6      | Reached skill level 1 in Evocations
  4352 | D:6      | Reached skill level 1 in Throwing
  4504 | D:6      | Reached * piety under Yredelemnul
  4505 | D:6      | Reached skill level 1 in Axes
  4641 | D:6      | Found a staircase to the Ecumenical Temple.
  4696 | D:6      | Reached skill level 1 in Invocations
  5053 | D:7      | Reached skill level 1 in Bows
  5053 | D:7      | Reached XP level 9. HP: 45/75 MP: 7/13
  5115 | D:7      | Found a sand-covered staircase.
  5127 | Ossuary  | Entered an ossuary
  5133 | Ossuary  | Learned a level 4 spell: Fulminant Prism
  5665 | D:7      | Noticed a troll
  5666 | D:7      | Killed a troll
  5736 | D:7      | Reached skill level 5 in Dodging
  5825 | D:7      | Learned a level 3 spell: Confusing Touch
  6189 | D:7      | Found a sacrificial altar of Ru.
  6368 | D:8      | Noticed a cyclops
  6453 | D:8      | Reached skill level 1 in Hexes
  6470 | D:7      | Demolished by a cyclops

Illustrated notes

Levels and vault maps discovered:
D:1:      dpeg_arrival_refuge, layout_basic,
          hellmonk_ecumenical_altar_pennies_from_heaven
D:2:      layout_basic
D:3:      cheibrodos_fertilizer, layout_basic, uniq_grinder, uniq_robin
D:4:      gammafunk_wand_slinger, layout_cave_pools, minmay_misc_feat_encased,
          st_stairs_10
D:5:      layout_loops_ring, elyvilon_altar_3
D:6:      layout_loops_ring, kennysheep_little_box,
          minmay_temple_entry_stoned_glass, kennysheep_potato
D:7:      nicolae_cairo_tiling_large_dashed, layout_basic, hangedman_ru_absence,
          gup_ossuary_entry_pyramid, chequers_serial_rivers_micro_a,
          minmay_circle_x
D:8:      layout_basic, mainiacjoe_overflow_cross_hatched, serial_shops,
          nicolae_shop_bloodbath_and_beyond, nrook_mini_backslash

Skill      XL: |  1  2  3  4  5  6  7  8  9 |
---------------+----------------------------+-----
Dodging        | 3 4 5 |  5.0
Stealth        | 1 2 3 |  3.4
Long Blades    | 4 5 6 |  6.4
Spellcasting   | 1 2 3 |  3.1
Fighting       | 4 5 6 |  6.0
Shields        | 4 |  4.7
Polearms       | 1 2 |  2.6
Slings         | 1 2 |  2.3
Translocations | 1 2 |  2.2
Conjurations   | 1 2 |  2.0
Evocations     | 1 2 |  2.4
Throwing       | 1 2 |  2.0
Axes           | 1 3 |  3.3
Invocations    | 1 2 |  2.1
Bows           | 1 2 |  2.0
Hexes          | 1 |  1.0

Action                   |  1- 3 |  4- 6 |  7- 9 || total
-------------------------+-------+-------+-------++-------
Melee: Long sword        |    88 |   144 |    55 ||   287
       Tailslap          |     6 |    12 |    30 ||    48
       Spear             |       |       |    30 ||    30
       War axe           |       |       |   142 ||   142
       Punch             |       |       |     3 ||     3
 Fire: Shortbow          |       |       |    48 ||    48
Throw: Throwing net      |       |       |     2 ||     2
 Cast: Searing Ray       |       |       |    12 ||    12
       Fulminant Prism   |       |       |     2 ||     2
 Abil: Breathe Lightning |       |       |    24 ||    24
Evoke: Wand              |       |       |    13 ||    13
  Use: Scroll            |     4 |     1 |    15 ||    20
       Potion            |       |     3 |     6 ||     9
 Stab: Sleeping          |     1 |     1 |     3 ||     5
       Paralysed         |       |       |     3 ||     3
Armor: Skin              |    35 |    53 |   106 ||   194
Dodge: Dodged            |    61 |    82 |   215 ||   358
Block: Buckler           |    17 |    22 |       ||    39
